 Dungeon Crawl Stone Soup version 0.22-a0-21-g9421e3f (webtiles) character file.

580 CanOfBees the Digger (level 7, -5/39 HPs)
             Began as a Gargoyle Earth Elementalist on Jan 2, 2018.
             Slain by Duvessa
             ... wielding a +1 rapier of draining
              (9 damage)
             ... on level 4 of the Dungeon.
             The game lasted 00:10:21 (6126 turns).

CanOfBees the Digger (Gargoyle Earth Elementalist)  Turns: 6126, Time: 00:10:21

Health: -5/39      AC:  7    Str: 11    XL:     7   Next: 36%
Magic:  6/13       EV: 12    Int: 18    God:
Gold:   193        SH:  0    Dex: 10    Spells: 6/15 levels left

rFire    x . .     SeeInvis .   w - +1 dagger (speed)
rCold    + . .     Gourm    .   (no shield)
rNeg     + . .     Faith    .   c - +0 robe
rPois    ∞         Spirit   .   (no helmet)
rElec    +         Reflect  .   (no cloak)
rCorr    .         Harm     .   v - +0 pair of gloves
MR       .....                  (no boots)
Stlth    ++........             (no amulet)
HPRegen  0.13/turn              n - ring of ice
MPRegen  0.13/turn              q - ring of flight

@: about to teleport
A: talons 1, negative energy resistance 1, robust 1, electricity resistance,
unbreathing, petrification resistance, rot immunity, AC +4
a: Evoke Flight


You were on level 4 of the Dungeon.
You were not hungry.

You visited 1 branch of the dungeon, and saw 4 of its levels.

You collected 193 gold pieces.

Inventory:

Hand Weapons
 a - a +0 short sword
 s - a +0 hunting sling
 w - a +1 dagger of speed (weapon)
Missiles
 b - 168 stones (quivered)
Armour
 c - a +0 robe (worn)
 v - a +0 pair of gloves (worn)
Jewellery
 n - a ring of ice (left hand)
 q - a ring of flight (right hand)
 y - an uncursed amulet of guardian spirit
Wands
 x - a wand of flame (17)
Scrolls
 f - 2 scrolls of noise {unknown}
 h - a scroll of identify
 j - a scroll of fear {unknown}
 k - 4 scrolls of teleportation
 m - 2 scrolls of enchant weapon {unknown}
 p - 2 scrolls of random uselessness {unknown}
 r - 3 scrolls of amnesia {unknown}
 u - 5 scrolls of remove curse
Potions
 g - 2 potions of berserk rage
 i - 2 potions of mutation
 l - a potion of agility {unknown}
 o - a potion of might {unknown}
 t - a potion of heal wounds {unknown}
Books
 e - a book of Geomancy

   Spells                             Type                      Level
   a - Sandblast                      Earth                        1
   b - Passwall                       Transmutation/Earth          2
   c - Stone Arrow                    Conjuration/Earth            3
   d - Petrify                        Transmutation/Earth          4
   e - Lee's Rapid Deconstruction     Earth                        5
Comestibles
 d - 6 rations
 z - a chunk of flesh


   Skills:
 - Level 1.5 Dodging
 - Level 2.1 Stealth
 + Level 4.6 Spellcasting
 * Level 4.8 Conjurations
   Level 0.7 Transmutations
 + Level 5.9 Earth Magic


You had 6 spell levels left.
You knew the following spells:

 Your Spells              Type           Power        Failure   Level  Hunger
a - Sandblast             Erth           ####..       1%          1    None
b - Stone Arrow           Conj/Erth      ###...       4%          3    ###....
c - Lee's Rapid Deconstr  Erth           ####......   32%         5    ######.


Dungeon Overview and Level Annotations

Branches:
Dungeon (4/15)
 Temple: D:4-7

Altars:
Makhleb
Okawaru
Qazlal
Wu Jian
Zin
The Shining One

Annotations:
D:2 1 runed door
D:4 Duvessa


Innate Abilities, Weirdness & Mutations

You are resistant to torment.
Your stone body is resilient. (AC +4)
You are immune to poison.
You resist negative energy. (rN+)
You are resistant to electric shocks. (rElec)
You can survive without breathing.
You are immune to petrification.
You are immune to rotting.
You have sharp toenails.
You are robust. (+10% HP)


Message History

Duvessa barely misses you.
Casting: Sandblast
Confirm with . or Enter, or press ? or * to list all spells.
Aiming: Sandblast
Press: ? - help, Shift-Dir - straight line, f/p - Duvessa
Aim: Duvessa, wielding a rapier of draining and wearing a leather armour (heavily wounded, berserk, fast, unusually strong)
The blast of sand hits Duvessa.
Duvessa is heavily wounded.
b - 168 stones Duvessa hits you with a rapier of draining!
* * * LOW HITPOINT WARNING * * *
Duvessa hits you with a rapier of draining!
* * * LOW HITPOINT WARNING * * *
Okay, then.
Okay, then.
Unknown command.
As you read the scroll of teleportation, it crumbles to dust.
You feel strangely unstable.
Duvessa hits you with a rapier of draining!
You die...

##.# #... ##..## # ....
#.#####..#############
####.#...#..#..e@<.......
.........>..#.###.###.#..#
####.#..#................#
........#..##.###.###....#
####.#......#.....# ...#
#### #....###########....#
...# #..#.# #.......O.O.#
...# ####.# #.##.........
...# #....###.##.########


You could see Duvessa (berserk).

Vanquished Creatures
  Menkaure (D:4)
  An ogre (D:4)
  Dowan (D:4)
  3 orc priests
  2 orc wizards (D:3)
  3 worker ants
  5 adders
  3 worms
  A dart slug (D:1)
  15 orcs
  9 goblins
  6 hobgoblins
  2 quokkas (D:2)
  6 bats
  3 frilled lizards
  7 kobolds
  6 rats
74 creatures vanquished.

Notes
Turn   | Place    | Note
-------+----------+-------------------------------------------
     0 | D:1      | CanOfBees the Gargoyle Earth Elementalist began the quest for the Orb.
     0 | D:1      | Reached XP level 1. HP: 10/10 MP: 3/3
   103 | D:1      | Reached XP level 2. HP: 6/15 MP: 1/5
  1086 | D:2      | Reached skill level 4 in Earth Magic
  1086 | D:2      | Reached XP level 3. HP: 18/19 MP: 7/7
  1701 | D:2      | Reached XP level 4. HP: 21/24 MP: 9/9
  2143 | D:2      | Found a runed door.
  2453 | D:2      | Learned a level 3 spell: Stone Arrow
  2824 | D:3      | Reached skill level 1 in Conjurations
  2854 | D:2      | Reached XP level 5. HP: 22/28 MP: 3/10
  2964 | D:3      | Found an iron altar of Okawaru.
  3012 | D:3      | Found a faded altar of an unknown god.
  3993 | D:3      | Found a stormy altar of Qazlal.
  3995 | D:3      | Found a glowing golden altar of the Shining One.
  4010 | D:3      | Reached skill level 5 in Earth Magic
  4490 | D:2      | Reached XP level 6. HP: 30/32 MP: 1/12
  4753 | D:3      | Found a glowing silver altar of Zin.
  5027 | D:3      | Found a burning altar of Makhleb.
  5048 | D:3      | Gained mutation: You are frail. (-10% HP) [potion of mutation]
  5048 | D:3      | Gained mutation: You have a pair of small horns on your head. [potion of mutation]
  5050 | D:3      | Lost mutation: You have a pair of small horns on your head. [potion of mutation]
  5050 | D:3      | Lost mutation: You are frail. (-10% HP) [potion of mutation]
  5050 | D:3      | Gained mutation: You are robust. (+10% HP) [potion of mutation]
  5050 | D:3      | Gained mutation: You have sharp toenails. [potion of mutation]
  5060 | D:3      | Learned a level 5 spell: Lee's Rapid Deconstruction
  5138 | D:4      | Noticed Duvessa
  5138 | D:4      | Noticed Dowan
  5233 | D:4      | Noticed Menkaure
  5243 | D:4      | Killed Menkaure
  5412 | D:4      | Found an ornate altar of the Wu Jian Council.
  5700 | D:4      | Killed Dowan
  5700 | D:4      | Reached XP level 7. HP: 29/39 MP: 3/13
  6126 | D:4      | Slain by Duvessa

Vault maps used:
D:1:      evilmike_arrival_sounds_zot
D:2:      grunt_ministairs_15, uniq_crazy_yiuf_cottage
D:3:      lemuel_round_altar, chequers_temple_overflow_statue_of_worship,
          okawaru_metal_pillars_1_2, overflow_temple_1_default,
          chequers_ecumenical_altar_simple_redux
D:4:      kennysheep_little_box, first_ration, uniq_duvessa, uniq_menkaure

Skill      XL: |  1  2  3  4  5  6 |
---------------+-------------------+-----
Earth Magic    | 4 5 |  5.9
Spellcasting   | 3 4 |  4.6
Conjurations   | 1 3 4 |  4.8
Dodging        | |  1.5
Stealth        | |  2.1
Transmutations | |  0.7

Action                   |  1- 3 |  4- 6 |  7- 9 || total
-------------------------+-------+-------+-------++-------
Melee: Short sword       |    50 |   107 |       ||   157
       Unarmed           |     1 |       |       ||     1
       Dagger            |       |    19 |     1 ||    20
Throw: Stone             |       |     1 |       ||     1
 Cast: Sandblast         |    18 |    33 |    18 ||    69
       Stone Arrow       |       |    16 |     5 ||    21
Evoke: Wand              |       |     3 |       ||     3
  Use: Scroll            |     2 |     3 |     1 ||     6
       Potion            |       |     2 |       ||     2
 Stab: Sleeping          |     3 |       |       ||     3
  Eat: Chunk             |     2 |     9 |       ||    11
       Ration            |       |     2 |       ||     2
Armor: Robe              |    24 |    48 |     2 ||    74
Dodge: Dodged            |    54 |   127 |    15 ||   196

Table legend:
 A = Spawn XP
 B = Non-spawn XP
 C = Spawn XP percentage of total XP
 D = Spawn monster count
 E = Non-spawn monster count
 F = Spawn count percentage of total count
 G = Total turns spent on level
                    A         B        C        D         E        F      G
               +---------+---------+-------+---------+---------+-------+---------
         Total |       0 |     829 |   0.0 |       0 |      74 |   0.0 |  6126
               +---------+---------+-------+---------+---------+-------+---------
           D:1 |       0 |      18 |   0.0 |       0 |      11 |   0.0 |   992
           D:2 |       0 |     177 |   0.0 |       0 |      32 |   0.0 |  3131
           D:3 |       0 |     227 |   0.0 |       0 |      26 |   0.0 |  1104
           D:4 |       0 |     407 |   0.0 |       0 |       5 |   0.0 |   899
               +---------+---------+-------+---------+---------+-------+---------
